Match 46715435
Unlisted

Match 46715435
End
Construct Section Command Post
Selects Australian Defense Battlegroup
Infantry Section
Infantry Section
Infantry Section
Construct Field Infirmary
Infantry Section
Grenade Package
Construct Platoon Command Post
Infantry Training
Infantry Training
Humber Armored Car
Selects CMP 15cwt Supply Run
Selects Artillery Trip Wire Flares
CMP 15cwt Supply Run
Construct Company Command Post
Unlock M3 Grant Medium Tanks
M3 Grant Medium Tank
Selects Charged Creeping Barrage
M3 Grant Medium Tank
CMP 15cwt Supply Run
M3 Grant Medium Tank
Armored Vehicle Training
M3 Grant Medium Tank
CMP 15cwt Supply Run
Cr4ck
Franz Schnitzel
torq1
Psyoppenheimer
Canete
Danma
Kray-Tos
HENIEK
0
0

Comments sign in to comment!

No comments posted yet!